Map: Écho EC

Players

AgCl - Winner!

  • Race: Protoss Protoss
  • League: Grandmaster

BarneyWong

  • Race: Protoss Protoss
  • League: Grandmaster

VOD

Have the link to the VOD?

Description

Time

  • Played on: June 8, 2015, 1:30 a.m.
  • Length: 9:45
Show
View Real Time Build Order
Export as new Build Order

AgCl Protoss - Winner!

Build Orders: Oracle Opening, Oracle Opening 

Get SALT Encoding   

  12  0:26  Pylon  
  12  0:33  Probe (Chrono Boost), Assimilator  
  13  0:39  Pylon  
  13  0:45  Probe (Chrono Boost)  
  14  0:53  Probe (Chrono Boost)  
  14  0:54  Gateway  
  15  1:03  Probe  
  16  1:13  Assimilator  
  16  1:15  Probe (Chrono Boost)  
  17  1:27  Probe (Chrono Boost)  
  18  1:35  Probe (Chrono Boost)  
  19  1:44  Cybernetics Core  
  19  1:46  Probe (Chrono Boost)  
  20  1:57  Probe (Chrono Boost)  
  21  2:03  Probe (Chrono Boost)  
  22  2:15  Probe (Chrono Boost)  
  23  2:22  Stargate  
  24  2:23  Probe (Chrono Boost), Warp Gate  
  24  2:35  Probe  
  25  2:39  Nexus  
  24  2:56  Probe  
  25  3:04  Pylon  
  25  3:05  Oracle (Chrono Boost)  
  28  3:09  Probe (Chrono Boost)  
  29  3:24  Mothership Core (Chrono Boost)  
  29  3:25  Robotics Facility  
  31  3:36  Gateway  
  31  3:41  Probe  
  36  4:02  Probe  
  37  4:05  Forge  
  31  4:25  Probe (Chrono Boost)  
  31  4:26  Probe (Chrono Boost)  
  29  4:31  Gateway  
  29  4:33  Pylon  
  29  4:38  Probe (Chrono Boost)  
  31  4:42  Probe (Chrono Boost), Photon Cannon  
  31  4:44  Pylon  
  32  4:46  Probe (Chrono Boost)  
  30  4:54  Probe (Chrono Boost)  
  30  4:55  Probe (Chrono Boost)  
  31  5:00  Twilight Council  
  31  5:01  Protoss Ground Weapons Level 1 (Chrono Boost)  
  31  5:03  Probe (Chrono Boost), Photon Cannon  
  31  5:05  Probe (Chrono Boost), Assimilator  
  33  5:17  Probe (Chrono Boost)  
  33  5:18  Probe (Chrono Boost)  
  34  5:24  Stalker  
  34  5:26  Probe (Chrono Boost)  
  34  5:27  Probe (Chrono Boost)  
  37  5:34  Probe  
  38  5:37  Probe  
  37  5:43  Charge (Chrono Boost)  
  37  5:47  Probe  
  37  5:49  Probe  
  39  5:51  Dark Shrine  
  39  5:55  Observer (Chrono Boost)  
  39  5:59  Probe, Assimilator  
  39  6:01  Probe  
  39  6:11  Probe (Chrono Boost)  
  41  6:19  Probe (Chrono Boost)  
  41  6:22  Probe (Chrono Boost)  
  42  6:28  Probe (Chrono Boost)  
  43  6:34  Probe (Chrono Boost)  
  43  6:36  Probe (Chrono Boost)  
  43  6:41  Probe (Chrono Boost)  
  43  6:43  Probe  
  43  6:52  Probe  
  44  6:55  Probe, Pylon  
  44  7:00  Gateway  
  45  7:01  Gateway  
  45  7:03  Gateway  
  45  7:04  Gateway, Probe (Chrono Boost)  
  45  7:05  Pylon  
  45  7:07  Probe (Chrono Boost), Pylon  
  47  7:10  Protoss Ground Weapons Level 2 (Chrono Boost)  
  47  7:15  Probe (Chrono Boost)  
  48  7:18  Dark Templar x3  
  53  7:46  Dark Templar  
  53  7:50  Zealot  
  53  7:51  Zealot  
  55  8:15  Dark Templar x2  
  55  8:16  Dark Templar x2  
  55  8:17  Zealot  
  65  8:20  Archon  
  65  8:26  Archon x2  
  65  8:27  Zealot x2  
  65  8:34  Probe (Chrono Boost)  
  65  8:39  Gateway, Probe (Chrono Boost)  
  65  8:43  Gateway  
  65  8:45  Gateway, Zealot x2, Pylon  
  65  8:47  Gateway, Zealot x2  
  73  8:48  Zealot  
  75  8:56  Dark Templar  
  75  9:00  Dark Templar, Nexus  
  79  9:05  Archon  
  79  9:07  Dark Templar  
  81  9:13  Dark Templar  
  81  9:15  Dark Templar  
  85  9:19  Dark Templar  
  85  9:20  Archon  
  85  9:21  Archon  
  87  9:27  Zealot  
  87  9:30  Dark Templar  
  91  9:37  Dark Templar  
Show
View Real Time Build Order
Export as new Build Order

BarneyWong Protoss 

Build Orders: Phoenix Opening, Phoenix Opening 

Get SALT Encoding   

  12  0:01  Probe  
  13  0:13  Pylon  
  13  0:18  Probe  
  14  0:31  Probe (Chrono Boost)  
  15  0:41  Probe (Chrono Boost)  
  16  0:43  Gateway  
  16  0:48  Probe, Assimilator  
  17  0:54  Assimilator  
  17  1:00  Probe (Chrono Boost)  
  19  1:11  Probe (Chrono Boost)  
  19  1:16  Pylon  
  19  1:18  Probe (Chrono Boost)  
  20  1:29  Probe  
  21  1:34  Cybernetics Core  
  21  1:41  Probe (Chrono Boost)  
  22  1:53  Probe (Chrono Boost)  
  24  2:01  Probe (Chrono Boost)  
  24  2:10  Stargate  
  24  2:12  Stalker (Chrono Boost)  
  24  2:14  Warp Gate  
  26  2:16  Probe  
  27  2:34  Probe  
  30  2:58  Nexus  
  30  3:01  Phoenix (Chrono Boost)  
  30  3:04  Pylon  
  30  3:07  Pylon  
  30  3:22  Mothership Core, Phoenix (Chrono Boost)  
  34  3:34  Gateway  
  34  3:36  Gateway  
  34  3:45  Phoenix (Chrono Boost)  
  36  4:09  Phoenix (Chrono Boost)  
  29  4:27  Probe  
  30  4:39  Probe  
  30  4:41  Probe  
  32  4:51  Probe  
  33  4:53  Probe  
  33  4:59  Phoenix  
  36  5:03  Probe  
  36  5:05  Probe  
  38  5:15  Probe, Zealot x2  
  38  5:16  Stalker  
  38  5:17  Probe  
  47  5:42  Probe (Chrono Boost)  
  47  5:43  Probe (Chrono Boost)  
  47  5:46  Zealot  
  47  5:47  Zealot x2, Assimilator  
  47  5:49  Assimilator  
  54  5:52  Probe x2 (Chrono Boost)  
  56  6:00  Probe (Chrono Boost)  
  56  6:03  Probe (Chrono Boost)  
  58  6:10  Gateway  
  59  6:11  Probe (Chrono Boost)  
  59  6:12  Gateway  
  59  6:13  Probe (Chrono Boost), Pylon  
  60  6:21  Pylon  
  60  6:22  Pylon  
  60  6:30  Robotics Facility  
  60  6:31  Probe x2  
  62  6:43  Probe  
  63  6:54  Gateway  
  63  6:57  Probe x2 (Chrono Boost)  
  63  6:58  Gateway  
  65  7:01  Pylon  
  65  7:05  Forge  
  65  7:06  Probe (Chrono Boost)  
  65  7:07  Probe (Chrono Boost)  
  67  7:14  Probe x2  
  69  7:26  Probe x2  
  72  7:31  Robotics Bay  
  72  7:33  Nexus  
  72  7:37  Sentry x3  
  77  7:48  Oracle (Chrono Boost), Photon Cannon  
  67  8:39  Oracle (Chrono Boost)  
  68  8:43  Robotics Facility  
  57  9:06  Stalker  
  57  9:07  Stalker, Zealot x2  
  57  9:08  Zealot  
  67  9:22  Probe x2  
  67  9:34  Zealot x2  
  67  9:35  Zealot x2  
  67  9:36  Stalker x3  
Tags
 
Add a new tag
Caveats
  • Supply blocks, unpowered buildings, or Contaminate may cause inaccurate times.
  • Supply counts are checked every 10 seconds.